 Dungeon Crawl Stone Soup version 0.22.0-49-gab54619674 (webtiles) character file.

170 Morbidden the Chopper (level 5, -1/49 HPs)
             Began as a Naga Fighter on Sept 2, 2018.
             Slain by an orc
             ... wielding a +0 flail of venom
              (7 damage)
             ... on level 4 of the Dungeon.
             The game lasted 00:05:08 (2110 turns).

Morbidden the Chopper (Naga Fighter)                Turns: 2110, Time: 00:05:09

Health: -1/49      AC:  7    Str: 19    XL:     5   Next: 50%
Magic:  5/5        EV:  3    Int:  8    God:
Gold:   159        SH:  8    Dex: 11    Spells: 4/4 levels left

rFire    . . .     SeeInvis +   a - +0 war axe
rCold    . . .     Gourm    .   c - +0 shield
rNeg     . . .     Faith    .   g - +0 chain mail
rPois    +         Spirit   .   (no helmet)
rElec    .         Reflect  .   b - +0 cloak
rCorr    .         Harm     .   (no gloves)
MR       .....                  (no barding)
Stlth    ..........             j - amulet of regeneration
HPRegen  0.56/turn              (no ring)
MPRegen  0.09/turn              (no ring)

@: hasted, quick
A: large, see invisible, deformed body, poison resistance, slowness 2, slow
metabolism 1, spit poison 1, AC +1
a: Spit Poison


You were on level 4 of the Dungeon.
You were hungry.

You visited 1 branch of the dungeon, and saw 4 of its levels.

You collected 159 gold pieces.

Inventory:

Hand Weapons
 a - a +0 war axe (weapon)
Armour
 b - a +0 cloak (worn)
 c - a +0 shield (worn)
 g - a +0 chain mail (worn)
Jewellery
 h - an uncursed ring of fire
 j - an amulet of regeneration (around neck)
Scrolls
 e - 2 scrolls of fog {unknown}
 i - a scroll of enchant armour {unknown}
 k - a scroll of remove curse {unknown}
 n - 2 scrolls of identify {unknown}
 o - 2 scrolls of magic mapping {unknown}
 p - a scroll of amnesia {unknown}
Potions
 d - a potion of might
 m - a potion of agility {unknown}
Comestibles
 f - 8 rations


   Skills:
 + Level 3.1 Fighting
 * Level 5.5 Axes
 - Level 2.4 Armour
 - Level 2.4 Shields


You had 4 spell levels left.
You didn't know any spells.
Your spell library was empty.

Dungeon Overview and Level Annotations

Branches:
Dungeon (4/15)
 Temple: D:4-7

Altars:
Fedhas


Innate Abilities, Weirdness & Mutations

You cannot wear boots.
Your serpentine skin is tough. (AC +1)
You have supernaturally acute eyesight. (SInv)
Armour fits poorly on your strangely shaped body.
Your system is resistant to poisons. (rPois)
You cover ground very slowly.
You have a slow metabolism.
You can spit poison.


Message History

Your shield and chain mail prevent you from hitting the orc.
The orc hits you from afar with a trident.
The orc hits you with a flail of venom! The orc hits you but does no damage.
The orc priest looks braver for a moment.
Your chain mail prevents you from hitting the orc.
The orc is almost dead.
You closely miss the orc priest. You hit the orc.
You kill the orc!
The orc hits you but does no damage. You block the orc's attack.
The orc priest mumbles some strange prayers to Beogh against you.
Beogh smites you!
* * * LOW HITPOINT WARNING * * *
The orc hits you from afar with a trident.
* * * LOW HITPOINT WARNING * * *
You are too injured to fight recklessly!
Unknown command.
It was a potion of haste.
You feel yourself speed up. The orc priest hits you.
* * * LOW HITPOINT WARNING * * *
The orc hits you with a flail of venom!
You die...

.....................#
#........<......#
##....†..#......#
##.....##......######
##...######.#.......
##+## #.########
###.#######.#
#...........#
#.#@######### #.[oo#
#..o..# #.....##
#....## ....## #####


You could see an orc priest and 2 orcs.

Vanquished Creatures
  An orc priest (D:3)
  A worker ant (D:4)
  3 adders (D:2)
  An ooze (D:2)
  A worm (D:2)
  4 leopard geckos
  6 orcs
  7 bats
  4 giant cockroaches
  6 hobgoblins
  3 jackals (D:1)
  A quokka (D:2)
  2 ball pythons (D:1)
  6 frilled lizards
  14 goblins
  5 kobolds
  6 rats
71 creatures vanquished.

Notes
Turn   | Place    | Note
-------+----------+-------------------------------------------
     0 | D:1      | Morbidden the Naga Fighter began the quest for the Orb.
     0 | D:1      | Reached XP level 1. HP: 21/21 MP: 1/1
   110 | D:1      | Reached XP level 2. HP: 19/28 MP: 2/2
   345 | D:1      | Reached skill level 3 in Axes
   449 | D:1      | Reached XP level 3. HP: 34/34 MP: 3/3
   873 | D:2      | Reached skill level 4 in Axes
  1063 | D:2      | Reached XP level 4. HP: 42/42 MP: 4/4
  1462 | D:3      | Reached skill level 5 in Axes
  1462 | D:3      | Reached XP level 5. HP: 19/49 MP: 5/5
  2060 | D:4      | Found a blossoming altar of Fedhas.
  2110 | D:4      | Slain by an orc

Skill      XL: |  1  2  3  4 |
---------------+-------------+-----
Axes           | 3 4 5 |  5.5
Fighting       | |  3.1
Armour         | |  2.4
Shields        | |  2.4

Action                   |  1- 3 |  4- 6 || total
-------------------------+-------+-------++-------
Melee: War axe           |   115 |   110 ||   225
       Hand axe          |       |     8 ||     8
 Abil: Spit Poison       |     1 |     2 ||     3
  Use: Potion            |       |     3 ||     3
  Eat: Chunk             |       |     3 ||     3
Armor: Chain mail        |    88 |    75 ||   163
Dodge: Dodged            |     7 |    28 ||    35
Block: Shield            |    53 |    61 ||   114
